 Dungeon Crawl Stone Soup version 0.29-a0-384-g6960b1960d (webtiles) character file.

Game seed: 16380601764865412882

296 jlumianski the Chopper (level 6, 0/47 HPs)
             Began as a Demonspawn Fighter on May 6, 2022.
             Slain by an ogre
             ... wielding a +0 giant club
              (20 damage)
             ... on level 3 of the Dungeon.
             The game lasted 00:07:48 (3041 turns).

jlumianski the Chopper (Demonspawn Fighter)         Turns: 3041, Time: 00:07:48

Health: 0/47       AC: 12    Str: 18    XL:     6   Next: 12%
Magic:  6/6        EV:  7    Int: 10    God:
Gold:   207        SH: 13    Dex: 12    Spells: 5/5 levels left

rFire   . . .      SeeInvis .   a - +0 war axe
rCold   . . .      Faith    .   c - +0 buckler
rNeg    . . .      Spirit   .   r - +0 chain mail
rPois   .          Reflect  +   (no helmet)
rElec   .          Harm     .   (no cloak)
rCorr   .          Rampage  .   (no gloves)
Will    .....                   o - +0 pair of boots
Stlth   ..........              i - amulet of reflection
HPRegen 0.15/turn               (no ring)
MPRegen 0.10/turn               (no ring)

@: no status effects
A: thin metallic scales 1, spiny 1, condensation shield
a: no special abilities


You were on level 3 of the Dungeon.
You visited 1 branch of the dungeon, and saw 3 of its levels.

You collected 263 gold pieces.
You spent 56 gold pieces at shops.

Inventory:

Hand Weapons
 a - a +0 war axe (weapon)
 f - a +0 hunting sling
 q - a +1 vorpal halberd
Missiles
 e - 5 javelins (quivered)
 g - 71 stones
 m - 6 poisoned darts
Armour
 b - a +0 scale mail
 c - a +0 buckler (worn)
 o - a +0 pair of boots (worn)
 r - a +0 chain mail (worn)
Jewellery
 i - an amulet of reflection (around neck)
Wands
 n - a wand of polymorph (8)
Scrolls
 h - a scroll of immolation
 l - 2 scrolls of identify
 p - a scroll of enchant armour {unknown}
Potions
 d - 3 potions of might
 j - a potion of cancellation
 k - 2 potions of curing


   Skills:
 + Level 3.5 Fighting
 + Level 4.0 Axes
 + Level 3.8 Armour
 + Level 1.0 Dodging
 + Level 0.2 Stealth
 + Level 3.5 Shields


You had 5 spell levels left.
You didn't know any spells.
Your spell library contained the following spells:

 Spells                   Type           Power      Damage    Failure   Level
 Animate Skeleton         Necr           0%         N/A       99%         1
 Pain                     Necr           0%         1d4       99%         1
 Corpse Rot               Necr/Air       0%         N/A       100%        2
 Ensorcelled Hibernation  Hex/Ice        0%         N/A       100%        2
 Poisonous Vapours        Pois/Air       0%         N/A       100%        2
 Gell's Gravitas          Tloc           0%         N/A       100%        3
 Lesser Beckoning         Tloc           0%         N/A       100%        3
 Spider Form              Tmut/Pois      0%         N/A       100%        3
 Teleport Other           Tloc           0%         N/A       100%        3
 Vampiric Draining        Necr           0%         2d6       100%        3
 Anguish                  Hex/Necr       0%         N/A       100%        4


Dungeon Overview and Level Annotations

Branches:
Dungeon (3/15)

Altars:

Shops:
D:2 *


Innate Abilities, Weirdness & Mutations

You are partially covered in thin metallic scales. (AC +2)
You are partially covered in sharp spines.
A meltable shield of frost defends you. (SH +4)


Message History

You kill the orc priest!
You have reached level 6!
You hit the gnoll but do no damage. You block the gnoll's attack.
The gnoll is struck by your spines. The gnoll hits you with a +0 whip.
You barely miss the gnoll.
The gnoll is moderately wounded.
You block the gnoll's attack.
You hit the gnoll.
The gnoll is severely wounded.
The gnoll is struck by your spines. The gnoll hits you but does no damage.
You barely miss the gnoll.
The gnoll is severely wounded.
You block the gnoll's attack. The gnoll is struck by your spines.
The gnoll barely misses you.
Throw: 6 javelins
Press: ? - help, Q - select action, (/) - cycle Shift-Dir - straight line, f - gnoll
Aim: a gnoll, wielding a +0 whip (almost dead, 61% to hit)
You throw a javelin. The javelin pierces through the gnoll.
You kill the gnoll!
The javelin pierces through the ogre.
The ogre is lightly wounded.
The javelin pierces through the orc!
You kill the orc!
Your Axes skill increases to level 4!
You barely miss the ogre.
The ogre is lightly wounded.
You block the ogre's attack.
You hit the ogre.
The ogre is moderately wounded.
You block the ogre's attack.
You hit the ogre.
The ogre is moderately wounded.
You block the ogre's attack.
You barely miss the ogre.
The ogre is moderately wounded.
The ogre hits you with a +0 giant club!
You slash the ogre!
The ogre is almost dead.
The ogre hits you with a +0 giant club!!
You die...

#################################
..†..........................P...
..........P........†..[....P.....
≈≈≈≈≈≈≈≈†≈≈≈≈≈≈≈≈≈≈≈≈≈≈≈≈≈≈≈≈≈≈≈≈
≈≈≈≈≈≈≈≈≈≈≈≈≈≈≈≈≈≈≈≈≈≈≈≈≈≈≈≈≈≈≈≈≈
≈≈#####≈≈≈≈≈≈≈≈≈≈≈≈≈≈≈≈≈≈≈≈≈≈≈≈≈≈
≈≈#.g.#..........................
≈≈#...#'#########################
≈≈###+#...)'..))@O.)..'( ≈≈≈.#
#....#########''## ≈≈≈.# #....#
≈≈≈.# ###### ≈≈≈.# ≈≈≈.# ≈≈≈.#
≈≈≈.# ≈≈≈.#


You could see an ogre.

Vanquished Creatures
  A howler monkey (D:3)
  A hound (D:3)
  An orc priest (D:3)
  A gnoll shaman (D:3)
  7 gnolls
  2 adders (D:2)
  7 orcs
  2 ball pythons (D:2)
  An endoplasm (D:1)
  2 goblins
  6 hobgoblins
  16 jackals
  4 quokkas
  6 bats
  2 frilled lizards (D:1)
  7 kobolds
  6 rats
72 creatures vanquished.

Vanquished Creatures (others)
  4 plants
4 creatures vanquished.

Grand Total: 76 creatures vanquished

Notes
Turn   | Place    | Note
-------+----------+-------------------------------------------
     0 | D:1      | jlumianski the Demonspawn Fighter began the quest for the
                  | Orb.
     0 | D:1      | Reached XP level 1. HP: 18/18 MP: 1/1
    40 | D:1      | Found a faded altar of an unknown god.
   324 | D:1      | Gained mutation: A meltable shield of frost defends you.
                  | (SH +4) [demonic ancestry]
   324 | D:1      | Reached XP level 2. HP: 24/24 MP: 2/2
   774 | D:1      | Reached skill level 2 in Axes
  1253 | D:2      | Found Mavvuo's General Store.
  1260 | D:2      | Bought a scroll of identify for 28 gold pieces
  1260 | D:2      | Bought a scroll of identify for 28 gold pieces
  1339 | D:2      | Gained mutation: You are partially covered in thin metallic
                  | scales. (AC +2) [demonic ancestry]
  1339 | D:2      | Reached XP level 3. HP: 23/29 MP: 3/3
  2324 | D:2      | Reached XP level 4. HP: 15/35 MP: 4/4
  2648 | D:3      | Reached skill level 3 in Axes
  2894 | D:3      | Reached skill level 1 in Dodging
  2894 | D:3      | Gained mutation: You are partially covered in sharp spines.
                  | [demonic ancestry]
  2894 | D:3      | Reached XP level 5. HP: 38/41 MP: 5/5
  3029 | D:3      | Noticed an ogre
  3032 | D:3      | Reached XP level 6. HP: 29/47 MP: 6/6
  3037 | D:3      | Reached skill level 4 in Axes
  3041 | D:3      | Slain by an ogre

Illustrated notes

Levels and vault maps discovered:
D:1:      minmay_arrival_stone_box, layout_basic,
          hellmonk_ecumenical_altar_run_dry
D:2:      layout_loops_ring, serial_shops, shop_fountains,
          minmay_misc_feat_roman, serial_bayou_lagoon_b
D:3:      lemuel_castle_with_subvaults [lemuel_castle_interior_original],
          layout_rooms, lemuel_doored_altar, kennysheep_potato

Skill      XL: |  1  2  3  4  5  6 |
---------------+-------------------+-----
Axes           | 2 3 4 |  4.0
Shields        | 3 |  3.5
Armour         | 3 |  3.8
Dodging        | 1 |  1.0
Fighting       | |  3.5
Stealth        | |  0.2

Action                   |  1- 3 |  4- 6 || total
-------------------------+-------+-------++-------
Melee: War axe           |   115 |    90 ||   205
Throw: Javelin           |     4 |     1 ||     5
  Use: Scroll            |     3 |       ||     3
       Potion            |     1 |       ||     1
Armor: Scale mail        |    50 |     8 ||    58
       Chain mail        |       |    20 ||    20
Dodge: Dodged            |    47 |    32 ||    79
Block: Buckler           |   125 |    75 ||   200
       Reflection        |     3 |       ||     3

Table legend: (Time is in decaauts)
 A = Elapsed time spent in this place.
 B = Non-inter-level travel time spent in this place.
 C = Inter-level travel time spent in this place.
 D = Time resting spent in this place.
 E = Time spent auto-exploring this place.
 F = Levels seen in this place.
 G = Mean time per level.
                   A        B        C        D        E       F      G
               +--------+--------+--------+--------+--------+-----+--------+
         Total |   3143 |   3081 |     62 |    453 |   1648 |   3 | 1047.7 |
       Dungeon |   3143 |   3081 |     62 |    453 |   1648 |   3 | 1047.7 |
               +--------+--------+--------+--------+--------+-----+--------+

Top non-repeatable levels by time:
     D:2: 1390 daAuts
     D:1: 989 daAuts
     D:3: 764 daAuts
